 Dungeon Crawl Stone Soup version 0.28.0-43-g3370ac3207 (webtiles) character file.

Game seed: 14778604999262854188

220 Araneus the Insei (level 5, -3/41 HPs)
             Began as a Demonspawn Monk on Mar 12, 2022.
             Killed from afar by Dowan (11 damage)
             ... with a puff of flame
             ... on level 4 of the Dungeon.
             The game lasted 00:06:21 (3218 turns).

Araneus the Insei (Demonspawn Monk)                 Turns: 3218, Time: 00:06:21

Health: -3/41      AC:  4    Str: 13    XL:     5   Next: 64%
Magic:  5/5        EV: 13    Int: 11    God:
Gold:   125        SH:  0    Dex: 16    Spells: 4/4 levels left

rFire   . . .      SeeInvis .     - Unarmed
rCold   x . .      Faith    .   (no shield)
rNeg    . . .      Spirit   .   a - +0 robe
rPois   .          Reflect  .   n - +0 helmet of Ru's Hope {+Blink rC- rCorr}
rElec   .          Harm     .   k - +0 cloak
rCorr   +          Rampage  .   (no gloves)
Will    .....                   (no boots)
Stlth   ++........              (no amulet)
HPRegen 0.13/turn               (no ring)
MPRegen 0.18/turn               (no ring)

@: no status effects
A: hooves 1, demonic guardian 1, magic regeneration
a: Evoke Blink


You were on level 4 of the Dungeon.
You visited 1 branch of the dungeon, and saw 4 of its levels.

You collected 125 gold pieces.

Inventory:

Armour
 a - a +0 robe (worn)
 k - a +0 cloak (worn)
 n - the +0 helmet of Ru's Hope (worn) {+Blink rC- rCorr}
   (You found it on level 3 of the Dungeon)

   rC:        It makes you vulnerable to cold.
   +Blink:    It lets you blink.
   rCorr:     It protects you from acid and corrosion.
 o - a +0 chain mail
Scrolls
 d - 2 scrolls of enchant armour {unknown}
 f - a scroll of teleportation {unknown}
 g - a scroll of identify
 h - a scroll of torment {unknown}
 i - a scroll of enchant weapon {unknown}
 j - 2 scrolls of fog {unknown}
Potions
 c - a potion of flight
 e - 2 potions of brilliance


   Skills:
 - Level 3.0 Fighting
 - Level 2.6 Dodging
 - Level 1.7 Stealth
 + Level 5.9 Unarmed Combat


You had 4 spell levels left.
You didn't know any spells.
Your spell library contained the following spells:

 Spells                   Type           Power      Damage    Failure   Level
 Ignite Poison            Fire/Tmut/Pois 0%         N/A       71%         3
 Mephitic Cloud           Conj/Pois/Air  0%         N/A       71%         3
 Freezing Cloud           Conj/Ice/Air   0%         6-21      100%        5


Dungeon Overview and Level Annotations

Branches:
Dungeon (4/15)
 Temple: D:4-7

Altars:
Makhleb

Shops:
D:3 [

Annotations:
D:4 Dowan, Duvessa


Innate Abilities, Weirdness & Mutations

You have large cloven feet.
A weak demonic guardian rushes to your aid.
You regenerate magic rapidly.


Message History

You punch the goblin!
You kill the goblin!
Duvessa completely misses you.
You hit Duvessa.
Duvessa is moderately wounded.
Dowan seems less brilliant.
Your ufetubus hits Duvessa but does no damage. x2
Your ufetubus hits Duvessa.
Your ufetubus hits Duvessa but does no damage.
You barely miss Duvessa. You kick Duvessa, but do no damage.
Duvessa is moderately wounded.
Dowan hits your ufetubus with a +0 dagger.
Duvessa barely misses you.
Your ufetubus barely misses Duvessa.
Your ufetubus hits Duvessa. You hit Duvessa but do no damage.
You kick Duvessa, but do no damage.
Duvessa is moderately wounded.
Dowan barely misses your ufetubus.
Your ufetubus hits Duvessa but does no damage.
Your ufetubus closely misses Duvessa.
Duvessa hits you with a +0 short sword!
You hit Duvessa. You kick Duvessa, but do no damage.
Duvessa is heavily wounded.
Your ufetubus hits Duvessa but does no damage.
Your ufetubus completely misses Duvessa.
Dowan says, "Magic and the sword, together, will defeat you."
Dowan drinks a potion.
Dowan's spells are empowered!
Duvessa hits you with a +0 short sword!
* * * LOW HITPOINT WARNING * * *
Your ufetubus hits Duvessa but does no damage.
Your ufetubus hits Duvessa. Dowan misses your ufetubus.
Your ufetubus barely misses Duvessa.
Your ufetubus hits Duvessa.
Found 21 gold pieces.
Your ufetubus hits Duvessa but does no damage.
Your ufetubus barely misses Duvessa.
Something misses your ufetubus.
Dowan casts a spell.
Dowan blinks!
There is an open door here.
Dowan casts a spell at you. The puff of flame hits you!
You die...

.......#
#............#.##.#.....
#####.##
#.####.......#.##.....##
.... .
................... ##.#
# #.##e#####.#.####.....
..##.#.#.....##.#.#
#..... ..............#.#
#.....
........e.....#.####.....
.....#'##....#.##.......
.......5@.....#e##.......
..........###.#'##.......
............)............
..$..............)##.####
..................##...
..................####.#
..................# .#
.................# #
................#


You could see Dowan (empowered) and a friendly ufetubus (summoned).

Vanquished Creatures
  Blork the orc (D:4)
  A water moccasin skeleton (D:4)
  2 adders (D:2)
  An ufetubus (D:4)
  An adder skeleton (D:4)
  2 dart slugs
  An orc (D:3)
  8 ball pythons
  8 bats
  4 endoplasms
  2 giant cockroaches
  5 goblins
  5 hobgoblins
  7 jackals
  4 quokkas
  3 frilled lizards
  3 kobolds
  6 rats
64 creatures vanquished.

Vanquished Creatures (collateral kills)
  An adder (D:3)
  A hobgoblin (D:2)
  A rat (D:2)
3 creatures vanquished.

Grand Total: 67 creatures vanquished

Notes
Turn   | Place    | Note
-------+----------+-------------------------------------------
     0 | D:1      | Araneus the Demonspawn Monk began the quest for the Orb.
     0 | D:1      | Reached XP level 1. HP: 18/18 MP: 1/1
   115 | D:1      | Reached skill level 3 in Unarmed Combat
   139 | D:1      | Discovered your monstrous ancestry.
   139 | D:1      | Gained mutation: You have large cloven feet. [demonic
                  | ancestry]
   139 | D:1      | Reached XP level 2. HP: 11/24 MP: 2/2
  1045 | D:2      | Found a faded altar of an unknown god.
  1057 | D:2      | Gained mutation: A weak demonic guardian rushes to your
                  | aid. [demonic ancestry]
  1057 | D:2      | Reached XP level 3. HP: 29/29 MP: 3/3
  1183 | D:2      | Reached skill level 4 in Unarmed Combat
  1678 | D:2      | Found a burning altar of Makhleb.
  1934 | D:3      | Reached XP level 4. HP: 15/35 MP: 4/4
  2402 | D:3      | Found Ohuwkip's Antique Armour Shop.
  2421 | D:3      | Identified the +0 helmet of Ru's Hope {+Blink rC- rCorr}
  3040 | D:4      | Noticed Blork the orc
  3057 | D:4      | Killed Blork the orc
  3058 | D:4      | Reached skill level 5 in Unarmed Combat
  3058 | D:4      | Gained mutation: You regenerate magic rapidly. [demonic
                  | ancestry]
  3058 | D:4      | Reached XP level 5. HP: 26/41 MP: 5/5
  3177 | D:4      | Noticed Dowan
  3183 | D:4      | Noticed Duvessa
  3218 | D:4      | Killed from afar by Dowan

Illustrated notes

Levels and vault maps discovered:
D:1:      minmay_arrival_semitransparent, layout_basic
D:2:      cheibrodos_helix_gallery, layout_rooms, basic_altar,
          ebering_ecumenical_altar_abandoned
D:3:      layout_loops_ring, serial_shops, shop, lemuel_old_faithful
D:4:      layout_basic, mainiacjoe_overflow_cross_hatched,
          kennysheep_generic_room_4, uniq_duvessa, uniq_crazy_yiuf_cottage,
          uniq_blork_the_orc

Skill      XL: |  1  2  3  4 |
---------------+-------------+-----
Unarmed Combat | 3 4 5 |  5.9
Fighting       | |  3.0
Dodging        | |  2.6
Stealth        | |  1.7

Action                   |  1- 3 |  4- 6 || total
-------------------------+-------+-------++-------
Melee: Unarmed           |   142 |    86 ||   228
       Kick              |    20 |    28 ||    48
       Punch             |     1 |       ||     1
  Use: Scroll            |       |     3 ||     3
       Potion            |       |     1 ||     1
 Stab: Sleeping          |     6 |     3 ||     9
Armor: Robe              |    22 |    15 ||    37
Dodge: Dodged            |    91 |    70 ||   161
